Unix NetHack Version 5.0.0-0 post-release - last build Jul 19 2026 19:10:59 (3aa4ab31751d3886436d94b585a96704892fd477,branch:main).

Game began 2026-07-28 12:52:51, ended 2026-07-28 15:10:31.

LDaviesPeters, neutral female human Archeologist

               -----
               |...|
               |...|               --------.-----           ------------
             ##[...oe              |.....^.......###########........../|
   ------    # -----@              |............|#          |..........|
   |..>)|  ###      d              |............|          #......../..|
   |....|  [        #             #.............|          #|..........|
   |....[[####      #           ###--------------##        #----------|-
   ----|-     #    ##           # #################        #          #
      ##          ##            #                 #        #          #
      #         # #------   #####                 #        #          #
      #          ##|.....####                     ###      #          #
    ###           #-....|                           #------#          #
  --.------        ..{..|                           #|.....#          #
  |.).....|        |....+                           #|....|         --+--
  |.(.....|        |.<..|                           #.....|         |...|
  |.......|        ------                            ------         |...|
  ---------                                                         |...|
                                                                    -----

LDaviesPeters the Field Worker  St:14 Dx:11 Co:12 In:14 Wi:15 Ch:11  Neutral
Dlvl:5  $:0  HP:0(31) Pw:26(26) AC:6  Xp:5 T:3914  Hungry  

Latest messages:
 What do you want to throw? [G or ?*] G
 In what direction? 8
 The dart hits the floating eye.
 What do you want to throw? [G or ?*] G
 In what direction? 8
 The dart hits the floating eye.
 What do you want to throw? [G or ?*] G
 In what direction? 8
 The dart misses the floating eye.
 What do you want to throw? [G or ?*] G
 In what direction? 8
 The dart hits the floating eye.
 What do you want to throw? [*] <space>
 Never mind.
 You lash the floating eye!
 You are frozen by the floating eye's gaze!
 You hear the chime of a cash register.
 You can move again.
 You lash the floating eye!
 You are frozen by the floating eye's gaze!
 The little dog misses it.
 The little dog bites it.
 It misses the little dog.
 You hear some noises.
 You hear some noises.
 You can move again.
 You lash the floating eye.
 You are frozen by the floating eye's gaze!
 The little dog misses it.
 You hear some noises.
 The goblin hits!
 The goblin hits!
 The goblin hits!
 You are beginning to feel hungry.
 The goblin hits!
 The goblin hits!
 The goblin hits!
 The goblin hits!
 You hear some noises.
 You hear some noises in the distance.
 The goblin just misses!
 The goblin hits!
 The goblin hits!
 The goblin hits!
 The goblin hits!
 The goblin hits!
 The goblin hits!
 The goblin hits!
 You die...
 Do you want your possessions identified? [ynq] (y) q

Inventory:
 Weapons  (')')
  a - a +2 bullwhip (weapon in right hand)
 Armor    ('[')
  I - a blessed +0 dwarvish iron helm
  r - an uncursed +0 helm of brilliance named crystal-50
  s - an uncursed +0 helm of brilliance named crystal-67 (being worn)
  y - an uncursed +0 pair of gauntlets of dexterity (being worn)
  q - an uncursed +0 shield of drain resistance (being worn)
  h - an uncursed +0 leather jacket (being worn)
 Comestibles  ('%')
  C - an uncursed slime mold
  d - 3 uncursed food rations
  A - an uncursed tripe ration
 Wands    ('/')
  M - a wand of cancellation (0:7)
  k - a wand of digging (0:6)
  e - a wand of light (0:12)
  L - a wand of make invisible (0:7)
  z - a wand of speed monster (0:4)
 Tools    ('(')
  b - an uncursed sack containing 10 items
  i - a magic marker (0:21)
  J - an uncursed magic whistle
  w - 6 cursed tallow candles
  f - a tinning kit (0:92)
 Gems/Stones  ('*')
  g - an uncursed touchstone

Contents of the sack:
  195 gold pieces
  a cursed scroll of enchant weapon
  an uncursed scroll of fire
  a blessed scroll of food detection
  an uncursed scroll of light
  a blessed scroll of magic mapping
  an uncursed potion of oil
  an uncursed potion of hallucination
  an uncursed potion of monster detection
  a +0 pick-axe

LDaviesPeters the Archeologist's attributes:

Background:
 You were a Field Worker, a level 5 female human Archeologist.
 You were neutral, on a mission for Camaxtli
 who was opposed by Quetzalcoatl (lawful) and Huhetotl (chaotic).
 You were right-handed.
 You were in the Dungeons of Doom, on level 5.
 You entered the dungeon 3914 turns ago.
 You had 220 experience points, 100 more were needed to attain level 6.

Basics:
 You had 0 out of 31 hit points.
 You had all 26 energy points (spell power).
 Your armor class was 6.
 Your wallet was empty, but
 you had 195 zorkmids stashed away in your pack.
 Autopickup was off.

Final Characteristics:
 Your strength was 14 (limit:18/100).
 Your dexterity was 11 (limit:18).
 Your constitution was 12 (limit:18).
 Your intelligence was 14 (limit:18).
 Your wisdom was 15 (limit:18).
 Your charisma was 11 (limit:18).

Final Status:
 You were hungry.
 You were unencumbered.
 You were wielding a whip.
 You were skilled in whip.

Final Attributes:
 You were piously aligned.
 You were level-drain resistant.
 You had automatic searching.
 You were stealthy.
 You are dead.

Miscellaneous:
 You encountered 1 bones level.
 Total elapsed playing time was 38 minutes and 39 seconds.

Major events:
 Turn
    1: LDaviesPeters the neutral female human Archeologist entered the dungeon
  602: entered the Gnomish Mines
  761: attained the rank of Field Worker (level 3)
 3914: killed by a goblin, while frozen by a floating eye's gaze

You didn't know any spells.

Skills:
 Fighting Skills
   bare handed combat [Unskilled]
   two weapon combat  [Unskilled]
   riding             [Unskilled]
 Weapon Skills
   dagger             [Unskilled]
   knife              [Unskilled]
   pick-axe           [Basic]
   short sword        [Unskilled]
   saber              [Unskilled]
   club               [Unskilled]
   quarterstaff       [Unskilled]
   sling              [Unskilled]
   dart               [Unskilled]
   boomerang          [Unskilled]
   whip               [Skilled]
   unicorn horn       [Unskilled]
 Spellcasting Skills
   attack spells      [Unskilled]
   healing spells     [Unskilled]
   divination spells  [Unskilled]
   matter spells      [Unskilled]

Voluntary challenges:
 Character rerolling was not enabled.
 You never genocided any monsters.
 You never polymorphed an object.
 You never changed form.
 You used no wishes.
Achievements:
 You entered the Gnomish Mines.
 You attained the rank of Field Worker.
 You entered a shop.

 The Dungeons of Doom: levels 1 to 7
    Level 1:
       A fountain, a grave.
    Level 2:
       An armor shop, a fountain.
       Stairs down to The Gnomish Mines.
    Level 3:
       An altar, some fountains.
    Level 4:
       Some fountains, a sink.
    Level 5: <- You were here.
       A wand shop, a fountain, a grave.
       Final resting place for
          you, killed by a goblin, while frozen by a floating eye's gaze,
          atorox-Tou-Hum-Mal-Neu, killed by a giant ant.
    Level 6:
       A fountain.
    Level 7:
 The Gnomish Mines:
    Level 3:


Vanquished creatures:
  a Mordor orc
  a rock piercer
  a pony
  2 gnome leaders
  a giant ant
  a kitten
  3 dwarves
  a kobold shaman
  a rothe
  a giant bat
  a werejackal
  4 iguanas
 an acid blob
  2 coyotes
  a manes
  a hobgoblin
  a cave spider
  2 brown molds
  2 red molds
  a gnome
  2 geckos
  2 jackals
  a fox
  a kobold
  2 goblins
  a sewer rat
  5 grid bugs
  a bat
  8 lichens
  2 newts
54 creatures vanquished.

No species were genocided or became extinct.

Game over:
                       ----------
                      /          \
                     /    REST    \
                    /      IN      \
                   /     PEACE      \
                  /                  \
                  |  LDaviesPeters   |
                  |      195 Au      |
                  |   killed by a    |
                  |      goblin      |
                  |                  |
                  |                  |
                  |       2026       |
                 *|     *  *  *      | *
        _________)/\\_//(\/(/\)/\//\/|_)_______

Goodbye LDaviesPeters the Archeologist...

You died in The Dungeons of Doom on dungeon level 5 with 1376 points,
and 195 pieces of gold, after 3914 moves.
You were level 5 with a maximum of 31 hit points when you died.

